 Dungeon Crawl Stone Soup version 0.31.0-11-ge490571c62 (webtiles) character file.

Game seed: 1316441067985825387

327 Bravepunisher the Ducker (level 6, -3/34 HPs)
             Began as a Spriggan Monk on Jan 26, 2024.
             Was a Believer of Okawaru.
             Incinerated by a bombardier beetle (5 damage)
             ... with a burning spray
             ... on level 4 of the Dungeon.
             The game lasted 00:11:37 (2463 turns).

Bravepunisher the Ducker (Spriggan Monk)            Turns: 2463, Time: 00:11:38

Health: -3/34      AC:  2    Str:  7    XL:     6   Next: 24%
Magic:  8/9        EV: 21    Int: 12    God:    Okawaru [**....]
Gold:   168        SH:  0    Dex: 19    Spells: 5/5 levels left

rFire   . . .        d - +1 dagger (vamp)
rCold   . . .        (no shield)
rNeg    . . .        b - +0 robe
rPois   .            (helmet restricted)
rElec   .            (no cloak)
rCorr   .            (gloves unavailable)
SInv    +            (boots unavailable)
Will    +....        a - amulet of faith
Stlth   +            (no ring)
HPRegen 0.25/turn    (no ring)
MPRegen 0.11/turn

%: faith
@: confused, mighty, on fire, ambrosia-drunk, glowing, very quick
A: very small, no large weapons, unfitting armour, see invisible, speed 3
a: Renounce Religion, Heroism


You were on level 4 of the Dungeon.
You worshipped Okawaru.
Okawaru was pleased with you.
You visited 2 branches of the dungeon, and saw 7 of its levels.

You collected 168 gold pieces.

Inventory:

Hand Weapons
 d - a +1 vampiric dagger (weapon)
Armour
 b - a +0 robe (worn)
Jewellery
 a - an amulet of faith (around neck)
Scrolls
 f - a scroll of amnesia {unknown}
 g - a scroll of revelation {unknown}
 i - a scroll of vulnerability {unknown}
 j - a scroll of torment {unknown}
 k - 2 scrolls of identify {unknown}
 l - a scroll of summoning {unknown}
Potions
 c - a potion of ambrosia


   Skills:
 * Level 4.5 Fighting
 - Level 3.2 Short Blades
 + Level 5.8 Dodging
 + Level 2.7 Invocations


You had 5 spell levels left.
You didn't know any spells.
Your spell library contained the following spells:

 Spells                   Type           Power      Damage    Failure   Level
 Dazzling Flash           Conj/Hex       0%         N/A       69%         3
 Ozocubu's Armour         Ice            0%         N/A       69%         3
 Volatile Blastmotes      Fire/Tloc      0%         2d10      69%         3
 Metabolic Englaciation   Hex/Ice        0%         N/A       100%        5
 Starburst                Conj/Fire      0%         6d3       100%        6
 Maxwell's Capacitive Co  Air            0%         ∞         100%        8
 Sculpt Simulacrum        Ice/Alch       Unusable   N/A       N/A         6

Dungeon Overview and Level Annotations

Branches:
Dungeon (6/15)             Temple (1/1) D:4

Altars:
Ashenzari
Cheibriados
Dithmenos
Fedhas
Gozag
Hepliaklqana
Kikubaaqudgha
Nemelex Xobeh
Okawaru
Qazlal
Ru
Sif Muna
Trog
Uskayaw
Vehumet
Wu Jian
Yredelemnul
Zin
The Shining One

Shops:
D:3 *?

Annotations:
D:1 Terence
D:4 3 runed translucent doors, PaiMei's ghost, amateur DsNe; Thrivaldi's ghost, amateur MiFi; Xavori's ghost, amateur DjCK


Innate Abilities, Weirdness & Mutations

You are very small and have problems with some larger weapons.
You are too small for most types of armour.
You have supernaturally acute eyesight. (SInv)
You cover ground extremely quickly. (Speed+++)


Message History

The bombardier beetle is severely wounded.
The liquid fire burns you!
The bombardier beetle completely misses you.
You hit the bombardier beetle.
The bombardier beetle is severely wounded.
The liquid fire burns you!
You hit the bombardier beetle.
You feel better.
The bombardier beetle is almost dead.
The liquid fire burns you!
The bombardier beetle closely misses you.
You completely miss the bombardier beetle.
The bombardier beetle is almost dead.
The liquid fire burns you!
You hit the bombardier beetle.
You kill the bombardier beetle!
Okawaru accepts your kill. The liquid fire burns you!
* * * LOW HITPOINT WARNING * * *
You are on fire!
An orc comes into view. It is wielding a +0 hand axe.
Found 9 gold pieces.
You shake off some of the fire as you move.
The liquid fire burns you!
* * * LOW HITPOINT WARNING * * *
The orc shouts!
You shake off some of the fire as you move.
The liquid fire burns you!
* * * LOW HITPOINT WARNING * * *
Okay, then.
It was a potion of curing.
You feel better. The liquid fire burns you!
* * * LOW HITPOINT WARNING * * *
It was a potion of might.
You feel very mighty all of a sudden. The liquid fire burns you!
* * * LOW HITPOINT WARNING * * *
You are confused.
You feel invigorated. The liquid fire burns you!
You die...

$...................# #.
......####.###.####..# #.
...... #.....<.......# #.
......##.####.####...# #?
.....o...............####.
..........###..###........
..........###...#.....####
............#...#.....#...
####....@..#.#..........#
####....#.#.....#...#.
#.?..$#.##....#...#.
##.#...#.##.#........
#......+.(.......>...
#####.#.#..#.##.###......
###.................#......
#......#.⌠.#....#.#.#.#.###
#....#.......#......#.#.###


You could see an orc.

Vanquished Creatures
  An ogre (D:4)
  A phantom (D:4)
  A bombardier beetle (D:4)
  A jelly (D:4)
  3 adders
  3 dart slugs
  4 orcs (D:3)
  A ball python (D:1)
  5 endoplasms
  3 giant cockroaches
  3 goblins
  3 hobgoblins
  7 jackals
  4 quokkas
  3 bats (D:2)
  6 frilled lizards
  9 kobolds
  8 rats
66 creatures vanquished.

Notes
Turn   | Place    | Note
-------+----------+-------------------------------------------
     0 | D:1      | Bravepunisher the Spriggan Monk began the quest for the
                  | Orb.
     0 | D:1      | Reached XP level 1. HP: 11/11 MP: 2/2
   191 | D:3      | Found Tiuridos's Assorted Antiques.
   218 | D:4      | Reached XP level 2. HP: 16/16 MP: 3/3
   223 | D:5      | Entered Level 5 of the Dungeon
   224 | D:5      | Noticed a bombardier beetle
   295 | D:4      | Found a staircase to the Ecumenical Temple.
   305 | Temple   | Entered the Ecumenical Temple
   312 | Temple   | Became a worshipper of Warmaster Okawaru
   312 | Temple   | Reached * piety under Okawaru
   312 | Temple   | Reached ** piety under Okawaru
   377 | D:5      | Found a glowing silver altar of Zin.
   422 | D:5      | Noticed a black bear
   529 | D:3      | Found Uchurapu's Magic Scroll Emporium.
   663 | D:1      | Reached XP level 3. HP: 18/20 MP: 4/4
   739 | D:1      | Reached skill level 1 in Invocations
  1322 | D:2      | Noticed Terence
  1474 | D:2      | Reached XP level 4. HP: 24/24 MP: 4/6
  1988 | D:4      | Noticed an ogre
  2001 | D:4      | Found a runed translucent gate.
  2002 | D:4      | Found a runed translucent gate.
  2003 | D:4      | Found a runed translucent gate.
  2004 | D:4      | Noticed PaiMei's ghost (amateur DsNe)
  2005 | D:4      | Noticed Thrivaldi's ghost (amateur MiFi)
  2005 | D:4      | Noticed PaiMei's ghost (amateur DsNe)
  2005 | D:4      | Noticed Xavori's ghost (amateur DjCK)
  2155 | D:4      | Noticed an ogre
  2176 | D:4      | Killed an ogre
  2177 | D:4      | Reached skill level 5 in Dodging
  2177 | D:4      | Reached XP level 5. HP: 23/29 MP: 5/7
  2213 | D:4      | Noticed a phantom
  2305 | D:4      | Killed a phantom
  2306 | D:4      | Reached XP level 6. HP: 8/34 MP: 8/8
  2463 | D:4      | Incinerated by a bombardier beetle

Illustrated notes

Levels and vault maps discovered:
D:1:      evilmike_arrival_crescent, layout_rooms, grunt_decor_resistance
D:2:      layout_basic, corexii_corridor_pit, eino_tiny_chamber, uniq_terence
D:3:      layout_basic, serial_shops, shop, nicolae_shop_peninsula
D:4:      layout_basic, minmay_temple_entry_sparse_star,
          gammafunk_ghost_cemetery, chequers_serial_rivers_room_a
D:5:      layout_rooms, zin_academy, gup_sewer_entry_pipe
D:6:      layout_basic
Temple:   nicolae_temple_no_exploring_needed

Skill      XL: |  1  2  3  4 |
---------------+-------------+-----
Fighting       | 3 4 |  4.5
Invocations    | 1 2 |  2.7
Dodging        | 5 |  5.8
Short Blades   | |  3.2

Action                     |  1- 3 |  4- 6 || total
---------------------------+-------+-------++-------
  Melee: Short sword       |   181 |    41 ||   222
         Punch             |     1 |     7 ||     8
         Dagger            |       |   120 ||   120
 Invoke: Heroism           |       |     2 ||     2
    Use: Scroll            |     1 |       ||     1
         Potion            |     3 |     3 ||     6
   Stab: Sleeping          |     2 |       ||     2
 Armour: Robe              |    40 |    29 ||    69
  Dodge: Dodged            |   115 |   125 ||   240
